 Dungeon Crawl Stone Soup version 0.31-a0-1074-g0b22e4e0f1 (webtiles) character file.

Game seed: 9590620569334747542

106 grandjackal the Trooper (level 4, 0/48 HPs)
             Began as an Ogre Warper on Dec 1, 2023.
             Slain by a river rat (2 damage)
             ... in a sewer.
             The game lasted 00:03:01 (2006 turns).

grandjackal the Trooper (Ogre Warper)               Turns: 2006, Time: 00:03:02

Health: 0/48       AC:  3    Str: 15    XL:     4   Next: 84%
Magic:  9/9        EV:  9    Int: 16    God:
Gold:   148        SH:  0    Dex:  8    Spells: 4/10 levels left

rFire   + . .        a - +0 mace
rCold   . . .        (no shield)
rNeg    . . .        b - +0 robe
rPois   .            (helmet restricted)
rElec   .            (no cloak)
rCorr   .            (gloves unavailable)
SInv    .            (boots unavailable)
Will    .....        (no amulet)
Stlth   +            h - ring of protection from fire
HPRegen 0.28/turn    (no ring)
MPRegen 0.11/turn

%: no passive effects
@: no status effects
A: large, unfitting armour, tough skin 1
a: no special abilities


You were in a sewer.
You visited 1 branch of the dungeon, and saw 3 of its levels.
You also visited: Sewer.

You collected 148 gold pieces.

Inventory:

Hand Weapons
 a - a +0 mace (weapon)
Missiles
 d - 7 darts of dispersal (quivered)
Armour
 b - a +0 robe (worn)
Jewellery
 h - a ring of protection from fire (left hand)
 l - a +5 ring of evasion
Wands
 s - a wand of paralysis (10)
Scrolls
 c - 2 scrolls of blinking
 e - a scroll of brand weapon {unknown}
 f - a scroll of amnesia {unknown}
 g - a scroll of revelation {unknown}
 n - a scroll of fog {unknown}
 t - a scroll of teleportation {unknown}
 u - a scroll of immolation {unknown}
Potions
 i - a potion of curing {unknown}
 j - 3 potions of enlightenment {unknown}
 k - a potion of lignification {unknown}
 m - a potion of degeneration {unknown}
 o - a potion of invisibility {unknown}
 p - a potion of heal wounds {unknown}
 q - 2 potions of attraction {unknown}
 r - a potion of might {unknown}
 v - a potion of magic {unknown}


   Skills:
 + Level 4.2 Fighting
 - Level 2.1 Maces & Flails
 - Level 1.0 Throwing
 - Level 2.1 Dodging
 + Level 3.5 Spellcasting
 + Level 3.4 Translocations


You had 4 spell levels left.
You knew the following spells:

 Your Spells              Type           Power      Damage    Failure   Level
a - Blink                 Tloc           28%        N/A       6%          2
b - Manifold Assault      Tloc           14%        N/A       38%         4

Your spell library contained the following spells:

 Spells                   Type           Power      Damage    Failure   Level
 Lesser Beckoning         Tloc           28%        N/A       6%          2
 Momentum Strike          Conj/Tloc      16%        3d8       13%         2
 Teleport Other           Tloc           14%        N/A       13%         3
 Slow                     Hex            8%         N/A       19%         1
 Ensorcelled Hibernation  Hex/Ice        4%         N/A       26%         2
 Passwall                 Tmut/Erth      1%         N/A       26%         2
 Confusing Touch          Hex            2%         N/A       47%         3
 Sigil of Binding         Hex            2%         N/A       47%         3
 Swiftness                Air            2%         N/A       47%         3
 Vampiric Draining        Necr           2%         2d6       47%         3
 Vhi's Electric Charge    Tloc/Air       16%        N/A       65%         4


Dungeon Overview and Level Annotations

Branches:
Dungeon (3/15)              Sewer (1/1)

Altars:

Shops:
D:1 =


Innate Abilities, Weirdness & Mutations

You are too large for most types of armour.
You have tough skin. (AC +1)


Message History

You hit the river rat.
The river rat is almost dead.
The river rat bites you but does no damage.
You hit the river rat but do no damage.
The river rat is almost dead.
The river rat bites you but does no damage.
The river rat barely misses you.
You closely miss the river rat.
The river rat is almost dead.
The river rat closely misses you.
You closely miss the river rat.
The river rat is almost dead.
The river rat bites you but does no damage.
You hit the river rat but do no damage.
The river rat is almost dead.
The river rat bites you. The river rat closely misses you.
You closely miss the river rat.
The river rat is almost dead.
The river rat bites you but does no damage.
You barely miss the river rat.
The river rat is almost dead.
The river rat barely misses you.
You hit the river rat.
The river rat is almost dead.
The river rat bites you. The river rat barely misses you.
You closely miss the river rat.
The river rat is almost dead.
The river rat bites you!
* * * LOW HITPOINT WARNING * * *
You hit the river rat but do no damage.
The river rat is almost dead.
The river rat bites you!
* * * LOW HITPOINT WARNING * * *
You hit the river rat but do no damage.
The river rat is almost dead.
The river rat closely misses you.
You closely miss the river rat.
The river rat is almost dead.
The river rat barely misses you. The river rat bites you.
You die...

#≈~...≈#
#≈≈~.≈≈#
###..###
#..#
#.~#
#~.#
#..#
#..#
#@.#
#r~#
#..#
..~#
.~.#
#####


You could see a river rat.

Vanquished Creatures
  An adder (D:3)
  2 worms (D:2)
  4 dart slugs
  4 orcs (D:3)
  6 bats
  2 endoplasms (D:1)
  6 giant cockroaches
  9 goblins
  7 hobgoblins
  8 quokkas
  11 ball pythons
  3 frilled lizards
  7 kobolds
  2 rats
72 creatures vanquished.

Notes
Turn   | Place    | Note
-------+----------+-------------------------------------------
     0 | D:1      | grandjackal the Ogre Warper began the quest for the Orb.
     0 | D:1      | Reached XP level 1. HP: 22/22 MP: 3/3
   157 | D:1      | Reached XP level 2. HP: 7/29 MP: 5/5
   159 | D:1      | Reached skill level 3 in Fighting
   269 | D:1      | Found Gin Cacetoe's Jewellery Emporium.
   571 | D:1      | Reached XP level 3. HP: 37/37 MP: 7/7
   574 | D:1      | Learned a level 2 spell: Blink
  1340 | D:2      | Found a faded altar of an unknown god.
  1384 | D:2      | Reached XP level 4. HP: 43/48 MP: 8/8
  1511 | D:2      | Learned a level 4 spell: Manifold Assault
  1774 | D:3      | Reached skill level 4 in Fighting
  1864 | D:3      | Found a glowing drain.
  1976 | Sewer    | Entered a sewer
  2004 | Sewer    | HP: 2/48 [river rat (7)]
  2006 | Sewer    | Slain by a river rat

Illustrated notes

Levels and vault maps discovered:
D:1:      eino_arrival_water_star, layout_rooms, serial_shops,
          nicolae_shop_gaudy_bauble
D:2:      layout_basic, shapermc_ecumenical_altar_mp_vishouse, st_stairs_14
D:3:      layout_loops_ring, portal_sewer_entry_f, ebering_ghost_inner_flame,
          minmay_joined_circles, uniq_robin
Sewer:    sewer_hellmonk_slimy_pipes

Skill      XL: |  1  2  3  4 |
---------------+-------------+-----
Fighting       | 3 4 |  4.2
Maces & Flails | 2 |  2.1
Translocations | 3 |  3.4
Spellcasting   | 3 |  3.5
Throwing       | |  1.0
Dodging        | |  2.1

Action                     |  1- 3 |  4- 6 || total
---------------------------+-------+-------++-------
  Melee: Mace              |   173 |   111 ||   284
         Punch             |     1 |     1 ||     2
   Stab: Sleeping          |     1 |       ||     1
 Armour: Robe              |   133 |    82 ||   215
  Dodge: Dodged            |    95 |    52 ||   147

Table legend: (Time is in decaauts)
 A = Elapsed time spent in this place.
 B = Non-inter-level travel time spent in this place.
 C = Inter-level travel time spent in this place.
 D = Time resting spent in this place.
 E = Time spent auto-exploring this place.
 F = Levels seen in this place.
 G = Mean time per level.
                   A        B        C        D        E       F      G
               +--------+--------+--------+--------+--------+-----+--------+
         Total |   2088 |   2037 |     51 |    424 |    945 |   4 |  522.0 |
       Dungeon |   2052 |   2001 |     51 |    424 |    940 |   3 |  684.0 |
         Sewer |     35 |     35 |      0 |      0 |      5 |   1 |   35.0 |
               +--------+--------+--------+--------+--------+-----+--------+

Top non-repeatable levels by time:
     D:1: 905 daAuts
     D:2: 715 daAuts
     D:3: 431 daAuts
   Sewer: 35 daAuts
